 Dungeon Crawl Stone Soup version 0.27.0-1-g7a089689b8 (webtiles) character file.

Game seed: 14660144163326188174

22 nicksoapdish the Insei (level 2, -6/18 HPs)
             Began as an Octopode Transmuter on Aug 7, 2021.
             Mangled by a goblin (7 damage)
             ... led by Robin
             ... on level 2 of the Dungeon.
             The game lasted 00:03:57 (700 turns).

nicksoapdish the Insei (Octopode Transmuter)         Turns: 700, Time: 00:03:58

Health: -6/18      AC:  1    Str:  9    XL:     2   Next: 91%
Magic:  2/5        EV: 13    Int: 15    God:
Gold:   68         SH:  0    Dex: 12    Spells: 0/5 levels left

rFire    . . .     SeeInvis .     - Unarmed
rCold    . . .     Faith    .   (no shield)
rNeg     . . .     Spirit   .   (helmet currently unavailable)
rPois    .         Reflect  .   (no amulet)
rElec    .         Harm     .   (no ring)
rCorr    .         Rampage  .   (no ring)
Will     .....                  (no ring)
Stlth    +++.......             (no ring)
HPRegen  0.06/turn              (no ring)
MPRegen  0.09/turn              (no ring)
                                (no ring)
                                (no ring)

@: appendages (expiring), wereblooded
A: tentacle spike 3, almost no armour, amphibious, 8 rings, camouflage 1,
gelatinous body 1, (nimble swimmer 1), tentacles
a: End Transformation


You were on level 2 of the Dungeon.
One of your tentacles had grown a beastly spike.
You visited 1 branch of the dungeon, and saw 2 of its levels.

You collected 68 gold pieces.

Inventory:

Missiles
 g - 8 poisoned darts
Wands
 h - a wand of paralysis (8)
Scrolls
 b - a scroll of magic mapping
 e - a scroll of teleportation {unknown}
 f - a scroll of identify {unknown}
Potions
 a - a potion of mutation {unknown}
 c - 2 potions of curing {unknown}
 d - 2 potions of invisibility {unknown}


   Skills:
 - Level 1.0 Fighting
 - Level 2.0 Dodging
 * Level 1.2 Stealth
 - Level 3.3 Unarmed Combat
 + Level 2.2 Spellcasting
 * Level 0.4 Necromancy
 * Level 2.3 Transmutations


You couldn't memorise any spells.
You knew the following spells:

 Your Spells              Type           Power      Damage    Failure   Level
a - Beastly Appendage     Tmut           16%        N/A       9%          1
b - Wereblood             Tmut           8%         N/A       12%         2
c - Animate Skeleton      Necr           4%         N/A       19%         1
d - Pain                  Necr           8%         1d4       19%         1

Your spell library contained the following spells:

 Spells                   Type           Power      Damage    Failure   Level
 Spider Form              Tmut/Pois      2%         N/A       38%         3
 Vampiric Draining        Necr           1%         2d6       50%         3
 Ice Form                 Ice/Tmut       5%         N/A       80%         4


Dungeon Overview and Level Annotations

Branches:
Dungeon (2/15)

Altars:

Annotations:
D:2 Robin


Innate Abilities, Weirdness & Mutations

One of your tentacles has grown a beastly spike.
You cannot wear most types of armour.
You are amphibious.
You can wear up to eight rings at the same time.
Your skin changes colour to match your surroundings (Stealth+).
Your rubbery body absorbs attacks. (AC +1, EV +1)
((You are camouflaged near water. (Stealth+)))
You have tentacles for arms and can constrict up to eight enemies at once.


Message History

What are your orders? t - Shout!
Orders for allies: a - Attack new target. r - Retreat! s - Stop attacking. g - Guard the area. f - Follow me.
Anything else - Cancel.
You shout for attention!
Robin shouts!
You hear a shout! x7
A goblin comes into view. It is wielding a +0 club.
Robin roars a battlecry!
Casting: Beastly Appendage (safe; 9% risk of failure)
Confirm with . or Enter, or press ? or * to list all spells.
One of your tentacles grows a vicious spike.
Casting: Beastly Appendage (safe; 9% risk of failure)
Confirm with . or Enter, or press ? or * to list all spells.
Your blood is infused with primal strength.
Your transformation is almost over.
A goblin comes into view. It is wielding a +0 club.
A goblin comes into view. It is wielding a +0 dagger.
Robin barely misses you.
A goblin comes into view.
It is wielding a +1 dagger of protection.
You tentacle-slap the goblin but do no damage.
Your grab misses the goblin.
Your tentacle spike misses the goblin.
The goblin hits you with a +0 club.
Robin roars a battlecry!
The goblin goes into a battle-frenzy!
You completely miss the goblin. You grab the goblin. You constrict the goblin.
The goblin hits you with a +0 club.
Robin says, "Kneel, worm!"
Robin throws the goblin at you!
You miss the goblin. Your grab misses the goblin.
Your tentacle-slap misses the goblin.
You constrict the goblin, but do no damage.
The goblin barely misses you. The goblin closely misses you.
Robin hits you from afar with a +0 spear.
You barely miss the goblin. You grab the goblin. You constrict the goblin.
You constrict the goblin, but do no damage.
The goblin hits you with a +0 club.
* * * LOW HITPOINT WARNING * * *
The goblin hits you with a +0 club!
You die...

#########.### #
...)........#.#
####).###.#.#.#
#..# .....
####..#####.##
.....)g..#...##
####..........##
.......#.......####
.............ggg@g#
###...g.......g##.#
#..#>.##..g.## ...
#....>......# ##...
#..#..##...## .....
#..#........ ....
.. ##........ ...
..####### .#.


You could see Robin and 5 goblins.

Vanquished Creatures
  A dart slug (D:2)
  3 bats (D:1)
  An endoplasm (D:1)
  4 hobgoblins
  2 ball pythons (D:1)
  5 goblins
  2 kobolds (D:1)
  A rat (D:1)
19 creatures vanquished.

Vanquished Creatures (collateral kills)
  A goblin (D:2)
1 creature vanquished.

Grand Total: 20 creatures vanquished

Notes
Turn   | Place    | Note
-------+----------+-------------------------------------------
     0 | D:1      | nicksoapdish the Octopode Transmuter began the quest for
                  | the Orb.
     0 | D:1      | Reached XP level 1. HP: 13/13 MP: 3/3
   182 | D:1      | Found a faded altar of an unknown god.
   195 | D:1      | Reached XP level 2. HP: 17/18 MP: 5/5
   204 | D:1      | Learned a level 2 spell: Wereblood
   206 | D:1      | Learned a level 1 spell: Animate Skeleton
   208 | D:1      | Learned a level 1 spell: Pain
   325 | D:1      | Reached skill level 1 in Stealth
   684 | D:2      | Noticed Robin
   700 | D:2      | Mangled by a goblin

Illustrated notes

Levels and vault maps discovered:
D:1:      saegor_arrival_simple_d, layout_rooms,
          hellmonk_ecumenical_altar_lost_god
D:2:      layout_loops_ring, st_stairs_6, kennysheep_potato, uniq_robin,
          uniq_crazy_yiuf_cottage

Skill      XL: |  1  2 |
---------------+-------+-----
Stealth        | 1 |  1.2
Fighting       | |  1.0
Dodging        | |  2.0
Unarmed Combat | |  3.3
Spellcasting   | |  2.2
Necromancy     | |  0.4
Transmutations | |  2.3

Action                   || total
-------------------------++-------
Melee: Unarmed           ||    31
       Constrict         ||    13
       Tentacles         ||     5
       Kick              ||     4
       Punch             ||     1
 Cast: Beastly Appendage ||    11
       Animate Skeleton  ||     3
       Wereblood         ||     3
       Pain              ||     1
  Use: Scroll            ||     1
 Stab: Sleeping          ||     1
Armor: Skin              ||     2
Dodge: Dodged            ||    17
